 Dungeon Crawl Stone Soup version 0.19.0-2-gae57169 (webtiles) character file.

9517 Millan the Basher (level 11, -2/94 HPs)
             Began as a Green Draconian Fighter on Nov 6, 2016.
             Slain by a black mamba (6 damage)
             ... on level 1 of the Snake Pit.
             The game lasted 00:41:34 (14221 turns).

Millan the Basher (Green Draconian Fighter)        Turns: 14221, Time: 00:41:34

Health: -2/94      AC:  8    Str: 22    XL:     11   Next: 24%
Magic:  0/6        EV: 11    Int:  8    God:
Gold:   196        SH: 11    Dex:  8    Spells: 0 memorised, 10 levels left

rFire  + . .     SeeInvis .     x - +8 whip "Newtbane" {chaos, +Rage rN+++ MP-9 Dex-3}
rCold  x . .     Gourm    .     (armour unavailable)
rNeg   + + +     Faith    .     b - +0 shield
rPois  +         Spirit   .     (helmet restricted)
rElec  .         Reflect  .     g - +0 cloak
rCorr  +         Harm     .     (no gloves)
MR     .....                    (no boots)
Stlth  +.........               N - amulet of regeneration
                                O - ring of resist corrosion
                                v - ring of fire

@: exhausted, short of breath, slowed, very slow
A: breathe noxious fumes, unfitting armour, poison resistance, cold-blooded, AC
+7
a: Breathe Noxious Fumes, Evoke Berserk Rage


You were on level 1 of the Snake Pit.
You were not hungry.

You visited 3 branches of the dungeon, and saw 12 of its levels.

You collected 436 gold pieces.
You spent 240 gold pieces at shops.

Inventory:

Hand Weapons
 a - a +0 war axe
 x - the +8 whip "Newtbane" (weapon) {chaos, +Rage rN+++ MP-9 Dex-3}
   (You found it on level 4 of the Dungeon)

   Each time it hits an enemy it has a different, random effect.
   It affects your dexterity (-3).
   It renders you almost immune to negative energy.
   It affects your magic capacity (-9).
   It lets you go berserk.
 z - a +2 battleaxe of electrocution
Armour
 b - a +0 shield (worn)
 g - a +0 cloak (worn)
Magical Staves
 P - an uncursed staff of summoning {unknown}
Jewellery
 t - an uncursed amulet of regeneration
 v - a ring of fire (left hand)
 N - an amulet of regeneration (around neck)
 O - a ring of resist corrosion (right hand)
 U - an uncursed amulet of guardian spirit {unknown}
Wands
 f - a wand of lightning (2/15)
 h - a wand of slowing (22/48)
 l - a wand of hasting (3/9)
 B - a wand of lightning (9/15)
 E - a wand of confusion (22/48)
Scrolls
 j - 3 scrolls of amnesia
 k - 6 scrolls of teleportation
 o - a scroll of remove curse
 y - a scroll of enchant armour {unknown}
 A - 2 scrolls of magic mapping {unknown}
 C - 3 scrolls of random uselessness {unknown}
 D - a scroll of noise {unknown}
 G - 2 scrolls of fear {unknown}
 J - a scroll of immolation {unknown}
 K - 2 scrolls of enchant weapon
 L - a scroll of recharging {unknown}
 Q - 3 scrolls of blinking
 V - a scroll of identify
Potions
 c - 3 potions of might
 e - a potion of degeneration {unknown}
 i - 3 potions of flight
 p - a potion of berserk rage
 q - 2 potions of invisibility {unknown}
 r - a potion of lignification {unknown}
 w - 2 potions of cure mutation {unknown}
 F - a potion of curing
 I - a potion of agility
 S - a potion of haste {unknown}
Books
 u - a book of Misfortune

   Spells                             Type                      Level
   a - Confusing Touch                Hexes                        1
   b - Confuse                        Hexes                        3
   c - Gell's Gravitas                Hexes/Translocation          3
   d - Petrify                        Transmutation/Earth          4
   e - Metabolic Englaciation         Hexes/Ice                    5
   f - Yara's Violent Unravelling     Hexes/Transmutation          5
 T - a book of Clouds

   Spells                             Type                      Level
   a - Mephitic Cloud                 Conjuration/Poison/Air       3
   b - Conjure Flame                  Conjuration/Fire             3
   c - Poisonous Cloud                Conjuration/Poison/Air       6
   d - Freezing Cloud                 Conjuration/Ice/Air          6
   e - Ring of Flames                 Charms/Fire                  7
Miscellaneous
 R - a phantom mirror
Comestibles
 d - 5 bread rations
 m - 13 fruits
 n - 2 meat rations
 s - 6 beef jerkies
 H - 9 royal jellies
 M - 9 slices of pizza


   Skills:
 + Level 8.2 Fighting
 - Level 4.3(8.7) Axes
 + Level 11.5(11.8) Maces & Flails
 - Level 3.2 Dodging
 - Level 1.0 Stealth
 * Level 8.6 Shields
 * Level 6.5 Evocations


You had 10 spell levels left.
You didn't know any spells.

Dungeon Overview and Level Annotations

Branches:
Dungeon (9/15)             Temple (0/1) D:5            Lair (2/6) D:8
 Shoals (0/4) Lair:2        Snake (1/4) Lair:2          Orc (0/2) D:9

Altars:
Fedhas
Ru

Shops:
D:7 ?   D:9 }

Annotations:
D:3 Pepeogr's ghost, amateur DrAK


Innate Abilities, Weirdness & Mutations

You can breathe blasts of noxious fumes.
Your lurid green scales are hard. (AC +7)
You cannot fit into any form of body armour.
Your system is resistant to poisons. (rPois)
You are cold-blooded and may be slowed by cold attacks.


Message History

* * * LOW HITPOINT WARNING * * *
You are too berserk!
You whack the anaconda! You freeze the anaconda.
The anaconda is severely wounded.
The mana viper misses you.
The naga sharpshooter casts a spell.
The naga sharpshooter magically shoots an arrow.
The arrow hits you!
* * * LOW HITPOINT WARNING * * *
The black mamba misses you. The black mamba closely misses you.
You feel a strong urge to attack something.
The naga sharpshooter gestures wildly while chanting.
The naga sharpshooter magically shoots an arrow.
The arrow hits you!
* * * LOW HITPOINT WARNING * * *
You see here 2 arrows.
You feel your anger subside.
You are no longer berserk.
You are exhausted.
You feel yourself slow down. The black mamba bites you.
You die...

##......<...##
#....S.......#
.#...NS..#####
###.N####
##.###S.##
#..N..SS.##
...##....S.###
####.S...#
###@### ##...#
#.## .# #


You could see a naga sharpshooter, an anaconda (confused), a naga ritualist, 5
black mambas and a naga.

Vanquished Creatures
  2 hydras (Lair:1)
  A guardian serpent (Lair:2)
  Joseph (D:7)
  2 komodo dragons (Lair:2)
  A queen bee (Lair:2)
  A troll (D:9)
  3 hippogriffs
  3 yaks (D:7)
  4 hogs (D:7)
  A human (D:7)
  2 hungry ghosts
  Menkaure (D:6)
  2 water moccasins (Lair:2)
  3 porcupines
  2 black bears
  2 sky beasts (D:8)
  An ice beast (D:8)
  An orc warrior (D:8)
  3 ogres
  2 necrophages
  5 centaurs
  A crocodile (D:7)
  Blork the orc (D:6)
  8 bullfrogs
  10 killer bees (Lair:2)
  4 wights
  2 electric eels (Lair:1)
  3 howler monkeys
  2 crimson imps
  4 hounds
  A bullfrog zombie (D:6)
  4 orc wizards
  7 orc priests
  Crazy Yiuf (D:6)
  3 centaur skeletons
  5 worker ants
  2 iguanas
  2 hound zombies
  A hound skeleton (D:4)
  A howler monkey zombie (D:7)
  2 howler monkey skeletons
  11 adders
  2 shadow imps
  An ooze (D:1)
  3 worms
  2 dart slugs
  4 leopard geckos
  34 orcs
  A ball python (D:2)
  5 giant cockroaches
  10 goblins
  9 hobgoblins
  3 quokkas
  5 bats
  5 frilled lizards
  8 kobolds
  A leopard gecko skeleton (D:8)
  2 quokka skeletons
  A quokka zombie (D:5)
  5 rats
219 creatures vanquished.

Vanquished Creatures (collateral kills)
  2 killer bees (Lair:2)
2 creatures vanquished.

Vanquished Creatures (others)
  A killer bee (Lair:2)
  A worker ant (D:4)
  An ooze (D:1)
  2 bats (D:1)
  A giant cockroach (D:1)
  A kobold (D:1)
  2 frilled lizards (D:1)
9 creatures vanquished.

Grand Total: 230 creatures vanquished

Notes
Turn   | Place    | Note
-------+----------+-------------------------------------------
     0 | D:1      | Millan the Draconian Fighter began the quest for the Orb.
     0 | D:1      | Reached XP level 1. HP: 19/19 MP: 1/1
   168 | D:1      | Reached XP level 2. HP: 25/26 MP: 2/2
  2255 | D:1      | Reached XP level 3. HP: 31/31 MP: 3/3
  2385 | D:2      | Reached XP level 4. HP: 32/38 MP: 4/4
  5300 | D:3      | Reached XP level 5. HP: 46/46 MP: 5/5
  5341 | D:3      | Reached skill level 1 in Stealth
  5432 | D:3      | Noticed Pepeogr's ghost (amateur DrAK)
  5665 | D:4      | Got a translucent whip
  5667 | D:4      | Identified the +8 whip "Newtbane" {chaos, +Rage rN+++ MP-9 Dex-3} (You found it on level 4 of the Dungeon)
  6044 | D:4      | Reached skill level 1 in Maces & Flails
  6044 | D:4      | Reached XP level 6. HP: 46/52 MP: 0/6
  6357 | D:4      | Reached skill level 2 in Maces & Flails
  6707 | D:5      | Entered Level 5 of the Dungeon
  6840 | D:5      | Reached skill level 1 in Evocations
  6845 | D:5      | Reached skill level 3 in Maces & Flails
  6845 | D:5      | Your scales start taking on a lurid green colour.
  6845 | D:5      | Reached XP level 7. HP: 32/60 MP: 0/7
  6845 | D:5      | Gained mutation: Your system is resistant to poisons. (rPois) [Green Draconian growth]
  7123 | D:5      | Found a staircase to the Ecumenical Temple.
  7346 | D:5      | Reached skill level 4 in Maces & Flails
  7806 | D:6      | Reached skill level 5 in Maces & Flails
  8098 | D:6      | Noticed Menkaure
  8106 | D:6      | Killed Menkaure
  8106 | D:6      | Reached XP level 8. HP: 67/67 MP: 0/9
  8262 | D:6      | Reached skill level 5 in Shields
  8306 | D:6      | Noticed Blork the orc
  8312 | D:6      | Killed Blork the orc
  8312 | D:6      | Reached skill level 6 in Maces & Flails
  8521 | D:6      | Found a runed door.
  8778 | D:6      | Noticed Crazy Yiuf
  8782 | D:6      | Killed Crazy Yiuf
  8970 | D:7      | Reached skill level 5 in Fighting
  9051 | D:7      | Found Jeteanul's Magic Scroll Shoppe.
  9055 | D:7      | Bought a scroll of enchant weapon for 120 gold pieces
  9055 | D:7      | Bought a scroll of enchant weapon for 120 gold pieces
  9096 | D:7      | Reached skill level 7 in Maces & Flails
  9320 | D:7      | Noticed a hippogriff
  9337 | D:7      | Killed a hippogriff
  9395 | D:7      | Reached skill level 8 in Maces & Flails
  9395 | D:7      | Reached XP level 9. HP: 70/74 MP: 1/12
  9669 | D:7      | Noticed Joseph
  9685 | D:7      | Killed Joseph
  9685 | D:7      | Reached skill level 9 in Maces & Flails
 10162 | D:7      | Reached skill level 5 in Evocations
 10167 | D:7      | Reached skill level 10 in Maces & Flails
 10360 | D:8      | Reached XP level 10. HP: 81/84 MP: 4/13
 10467 | D:8      | Found a staircase to the Lair.
 11190 | D:9      | Found Kickapso's Gadget Shoppe.
 11414 | D:9      | Found a staircase to the Orcish Mines.
 11880 | Lair:1   | Entered Level 1 of the Lair of Beasts
 12013 | Lair:1   | Noticed a four-headed hydra
 12026 | Lair:1   | Killed a four-headed hydra
 12114 | Lair:1   | Noticed an eight-headed hydra
 12123 | Lair:1   | Killed an eight-headed hydra
 12123 | Lair:1   | Reached skill level 11 in Maces & Flails
 12175 | Lair:1   | Found a sacrificial altar of Ru.
 13166 | Lair:2   | Reached XP level 11. HP: 54/94 MP: 6/15
 13387 | Lair:2   | Found a staircase to the Snake Pit.
 13493 | Lair:2   | Found a blossoming altar of Fedhas.
 13522 | Lair:2   | Found a staircase to the Shoals.
 14203 | Snake:1  | Entered Level 1 of the Snake Pit
 14203 | Snake:1  | Noticed a naga ritualist
 14203 | Snake:1  | Noticed a mana viper
 14203 | Snake:1  | Noticed an anaconda
 14207 | Snake:1  | Noticed a naga sharpshooter
 14219 | Snake:1  | HP: 4/141 [naga sharpshooter/arrow (13)]
 14221 | Snake:1  | Slain by a black mamba

Skill      XL: |  1  2  3  4  5  6  7  8  9 10 11 |
---------------+----------------------------------+-----
Dodging        | 3 |  3.2
Axes           | 3 4 |  4.3
Fighting       | 4 5 6 7 8 |  8.2
Stealth        | 1 |  1.0
Shields        | 4 5 6 7 8 |  8.6
Maces & Flails | 1 3 5 8 10 11 | 11.5
Evocations     | 1 2 4 5 6 |  6.5

Action                   |  1- 3 |  4- 6 |  7- 9 | 10-12 || total
-------------------------+-------+-------+-------+-------++-------
Melee: War axe           |    96 |    86 |       |       ||   182
       Tailslap          |     9 |    15 |    21 |    37 ||    82
       Whip              |       |    65 |   246 |   258 ||   569
 Abil: Breathe Noxious F |       |       |     6 |     6 ||    12
       Evoke Berserk Rag |       |       |     1 |     5 ||     6
  Use: Scroll            |       |     5 |       |     5 ||    10
       Potion            |       |       |     1 |     1 ||     2
 Stab: Sleeping          |       |       |     1 |     2 ||     3
       Confused          |       |       |     4 |     4 ||     8
       Petrifying        |       |       |     2 |       ||     2
       Paralysed         |       |       |       |     2 ||     2
  Eat: Bread ration      |     1 |     1 |     1 |     1 ||     4
       Chunk             |       |     6 |     8 |     5 ||    19
       Pizza             |       |     2 |     1 |       ||     3
       Fruit             |       |       |       |     3 ||     3
       Meat ration       |       |       |       |     2 ||     2
Armor: Skin              |    35 |    54 |    60 |    42 ||   191
Dodge: Dodged            |    56 |    44 |    63 |    91 ||   254
Block: Shield            |    60 |    61 |    83 |    94 ||   298
